 Dungeon Crawl Stone Soup version 0.28-a0-514-g0d7ab7f379 (webtiles) character file.

Game seed: 15630375937815217686

1239 bande the Covered (level 8, -2/48 HPs)
             Began as a Gargoyle Fighter on Sept 22, 2021.
             Was a Believer of Okawaru.
             Slain by a wight (10 damage)
             ... on level 6 of the Dungeon on Sept 23, 2021.
             The game lasted 00:11:38 (7511 turns).

bande the Covered (Gargoyle Fighter)                Turns: 7511, Time: 00:11:39

Health: -2/48      AC: 17    Str: 22    XL:     8   Next: 49%
Magic:  9/9        EV: 12    Int:  8    God:    Okawaru [**....]
Gold:   208        SH:  4    Dex: 10    Spells: 7/7 levels left

rFire   . . .      SeeInvis .   t - +2 hand axe (vorpal)
rCold   + . .      Faith    .   c - +0 buckler
rNeg    + . .      Spirit   .   r - +0 chain mail
rPois   ∞          Reflect  .   o - +0 helmet
rElec   +          Harm     .   (no cloak)
rCorr   +          Rampage  .   (no gloves)
Will    .....                   (no boots)
Stlth   ..........              (no amulet)
HPRegen 0.16/turn               f - +4 ring of evasion
MPRegen 0.11/turn               b - ring of resist corrosion

@: no status effects
A: sickness immunity, AC +5, negative energy resistance 1, electricity
resistance, torment resistance 1, petrification resistance, cold resistance 1
a: Renounce Religion, Heroism


You were on level 6 of the Dungeon.
You worshipped Okawaru.
Okawaru was pleased with you.
You visited 2 branches of the dungeon, and saw 7 of its levels.

You collected 208 gold pieces.

Inventory:

Hand Weapons
 a - a +0 war axe
 q - a +0 flail
 t - a +2 vorpal hand axe (weapon)
Missiles
 h - a throwing net (quivered)
Armour
 c - a +0 buckler (worn)
 o - a +0 helmet (worn)
 r - a +0 chain mail (worn)
Jewellery
 b - a ring of resist corrosion (right hand)
 f - a +4 ring of evasion (left hand)
 i - a ring of flight
 s - a ring of ice
Wands
 e - a wand of polymorph (11)
 l - a wand of digging (6)
Scrolls
 g - a scroll of amnesia
 m - 2 scrolls of magic mapping
 n - a scroll of fear
 p - 2 scrolls of teleportation
Potions
 d - a potion of might
 j - 4 potions of brilliance
 k - 3 potions of curing
 u - 2 potions of flight
 v - a potion of invisibility


   Skills:
 + Level 4.8 Fighting
 + Level 5.9 Axes
 + Level 6.0 Armour
 + Level 4.8 Shields
 * Level 2.5 Invocations
 * Level 2.6 Evocations


You had 7 spell levels left.
You didn't know any spells.
Your spell library contained the following spells:

 Spells                   Type           Power      Damage    Failure   Level
 Shock                    Conj/Air       0%         1d3       97%         1
 Dazzling Flash           Conj/Hex       0%         N/A       100%        3
 Swiftness                Air            0%         N/A       100%        3
 Airstrike                Air            0%         N/A       100%        4
 Agony                    Necr           0%         N/A       100%        5
 Silence                  Hex/Air        0%         N/A       100%        5


Dungeon Overview and Level Annotations

Branches:
Dungeon (6/15)             Temple (1/1) D:4

Altars:
Cheibriados
Dithmenos
Elyvilon
Fedhas
Gozag
Hepliaklqana
Kikubaaqudgha
Makhleb
Nemelex Xobeh
Okawaru
Qazlal
Ru
Sif Muna
Trog
Uskayaw
Vehumet
Wu Jian
Xom
Yredelemnul
The Shining One


Innate Abilities, Weirdness & Mutations

You are immune to sickness and miasma.
Your stone body is resilient. (AC +5)
You are immune to poison.
You resist negative energy. (rN+)
You are resistant to electric shocks. (rElec)
You are resistant to unholy torment.
You are immune to petrification.
Your flesh is cold resistant. (rC+)


Message History

You barely miss the wight.
The wight is heavily damaged.
You closely miss the wight.
The wight hits you but does no damage. x2
You hit the wight.
The wight is heavily damaged.
You hit the wight. The wight barely misses you. The wight closely misses you.
You hit the wight but do no damage.
The wight is heavily damaged.
You hit the wight. The wight barely misses you. You block the wight's attack.
You hit the wight but do no damage.
The wight is severely damaged.
You closely miss the wight.
The wight hits you with a +2 vorpal morningstar.
The wight barely misses you.
You hit the wight.
You destroy the wight!
Okawaru accepts your kill.
You closely miss the wight.
The wight hits you with a +2 vorpal morningstar!
The wight hits you but does no damage.
You are too injured to fight recklessly!
You are too injured to fight recklessly!
You are too injured to fight recklessly!
You are too injured to fight recklessly!
You are too injured to fight recklessly!
You are too injured to fight recklessly!
You are too injured to fight recklessly!
You are too injured to fight recklessly!
You are too injured to fight recklessly!
You are too injured to fight recklessly!
Unknown command.
You barely miss the wight. You hit the wight but do no damage.
The wight hits you but does no damage.
The wight hits you with a +2 great sword!
* * * LOW HITPOINT WARNING * * *
The wight barely misses you.
Unknown command.
You feel better.
The wight hits you with a +2 great sword!
You die...

#........ .####
#........ .....
....... .....#
#...## ......
#...#) ....#
#.... ...##
##..# #zz#
#.... #@####
#.#.. #....#
####..#.#
####.#
##....##.# #.##
#..#####..
#..###.....####
##......##.....
######.#####..
#.......#
#..######


You could see 2 wights.

Vanquished Creatures
  2 ogres (D:5)
  A black bear (D:6)
  3 necrophages
  A centaur (D:6)
  A phantom (D:5)
  A bullfrog (D:6)
  A wight (D:6)
  3 hounds
  2 gnoll shamans
  Terence (D:2)
  An iguana (D:4)
  Robin (D:2)
  5 adders
  10 gnolls
  2 shadow imps
  An ufetubus (D:5)
  2 worms
  2 dart slugs (D:5)
  2 orcs
  5 bats
  7 endoplasms
  2 giant cockroaches
  6 hobgoblins
  3 jackals (D:1)
  4 kobolds
  2 quokkas
  6 ball pythons
  A frilled lizard (D:2)
  11 goblins
  9 rats
98 creatures vanquished.

Vanquished Creatures (others)
  5 dream sheep (D:5)
5 creatures vanquished.

Grand Total: 103 creatures vanquished

Notes
Turn   | Place    | Note
-------+----------+-------------------------------------------
     0 | D:1      | bande the Gargoyle Fighter began the quest for the Orb.
     0 | D:1      | Reached XP level 1. HP: 14/14 MP: 1/1
   311 | D:1      | Reached XP level 2. HP: 19/19 MP: 2/2
   633 | D:1      | Reached XP level 3. HP: 17/23 MP: 3/3
  1209 | D:2      | Noticed a necrophage
  1219 | D:2      | Killed a necrophage
  1220 | D:2      | Reached XP level 4. HP: 23/29 MP: 4/4
  1220 | D:2      | Reached XP level 5. HP: 27/33 MP: 5/5
  1813 | D:2      | Noticed Robin
  1831 | D:2      | Killed Robin
  2475 | D:2      | Noticed Terence
  2490 | D:2      | Killed Terence
  2491 | D:2      | Reached skill level 4 in Armour
  3228 | D:3      | Found a bloodstained altar of Trog.
  3956 | D:3      | Found an opulent altar of Gozag.
  4213 | D:4      | Reached XP level 6. HP: 20/38 MP: 6/6
  4367 | D:4      | Gained mutation: Your flesh is cold resistant. (rC+)
                  | [potion of mutation]
  4891 | D:4      | Found a staircase to the Ecumenical Temple.
  4983 | Temple   | Entered the Ecumenical Temple
  5057 | Temple   | Became a worshipper of Warmaster Okawaru
  5191 | D:5      | Entered Level 5 of the Dungeon
  5222 | D:5      | Noticed a necrophage
  5235 | D:5      | Killed a necrophage
  5236 | D:5      | Reached skill level 1 in Evocations
  5294 | D:5      | Found a shadowy altar of Dithmenos.
  5338 | D:5      | Reached XP level 7. HP: 11/43 MP: 7/7
  5643 | D:5      | Reached skill level 5 in Armour
  5647 | D:5      | Reached * piety under Okawaru
  6021 | D:5      | Reached skill level 5 in Axes
  6027 | D:5      | Reached skill level 1 in Invocations
  6296 | D:5      | Found a sparkling altar of Nemelex Xobeh.
  6710 | D:5      | Reached XP level 8. HP: 48/48 MP: 9/9
  6894 | D:5      | Noticed a dream sheep
  6894 | D:5      | Noticed a dream sheep
  6894 | D:5      | Noticed a dream sheep
  6894 | D:5      | Noticed a dream sheep
  6894 | D:5      | Noticed a dream sheep
  6894 | D:5      | Found a shimmering altar of Xom.
  6898 | D:5      | Killed a dream sheep
  6898 | D:5      | Killed a dream sheep
  6898 | D:5      | Killed a dream sheep
  6899 | D:5      | Killed a dream sheep
  6900 | D:5      | Killed a dream sheep
  7204 | D:6      | Found a blossoming altar of Fedhas.
  7436 | D:6      | Reached ** piety under Okawaru
  7437 | D:6      | Reached skill level 6 in Armour
  7510 | D:6      | HP: 2/48 [wight (16)]
  7511 | D:6      | Slain by a wight

Illustrated notes

Levels and vault maps discovered:
D:1:      minmay_arrival_stair_chambers, layout_basic
D:2:      layout_basic, uniq_robin, uniq_terence
D:3:      layout_loops_cross, mainiacjoe_overflow_concentric_impassable,
          trog_three_pillars_becter
D:4:      layout_basic, minmay_temple_entry_poolview
D:5:      layout_cave_pools, grunt_dithmenos_smoke, kb_xom_exploding_sheep,
          general_overflow_altar, grunt_decor_clamped
D:6:      layout_rooms, mainiacjoe_overflow_24_doors
Temple:   jpeg_temple_clearing

Skill      XL: |  1  2  3  4  5  6  7  8 |
---------------+-------------------------+-----
Axes           | 2 3 4 5 |  5.9
Armour         | 4 5 6 |  6.0
Shields        | 4 |  4.8
Fighting       | 4 |  4.8
Evocations     | 1 2 |  2.6
Invocations    | 1 2 |  2.5

Action                   |  1- 3 |  4- 6 |  7- 9 || total
-------------------------+-------+-------+-------++-------
Melee: War axe           |    85 |   119 |       ||   204
       Hand axe          |       |    37 |   136 ||   173
  Use: Scroll            |       |     8 |     2 ||    10
       Potion            |       |     5 |     1 ||     6
Armor: Scale mail        |    40 |    36 |       ||    76
       Chain mail        |       |    12 |    63 ||    75
Dodge: Dodged            |    77 |    90 |    90 ||   257
Block: Buckler           |    23 |    38 |    33 ||    94

Table legend: (Time is in decaauts)
 A = Elapsed time spent in this place.
 B = Non-inter-level travel time spent in this place.
 C = Inter-level travel time spent in this place.
 D = Time resting spent in this place.
 E = Time spent auto-exploring this place.
 F = Levels seen in this place.
 G = Mean time per level.
                   A        B        C        D        E       F      G
               +--------+--------+--------+--------+--------+-----+--------+
         Total |   7597 |   7521 |     76 |   2613 |   3742 |   7 | 1085.3 |
       Dungeon |   7503 |   7446 |     57 |   2613 |   3690 |   6 | 1250.5 |
        Temple |     94 |     75 |     19 |      0 |     52 |   1 |   94.0 |
               +--------+--------+--------+--------+--------+-----+--------+

Top non-repeatable levels by time:
     D:2: 2042 daAuts
     D:5: 1928 daAuts
     D:1: 1208 daAuts
     D:3: 985 daAuts
     D:4: 941 daAuts
     D:6: 397 daAuts
  Temple: 94 daAuts
